 Dungeon Crawl Stone Soup version 0.30.1-4-g462c640d31 (webtiles) character file.

Game seed: 7312206386650402789

789 tehkenny the Cudgeller (level 7, -3/60 HPs)
             Began as a Yellow Draconian Berserker on Aug 18, 2023.
             Was a Believer of Trog.
             Slain by a gnoll
             ... wielding a +0 club
             ... led by a gnoll bouda
              (6 damage)
             ... on level 5 of the Dungeon.
             The game lasted 00:47:54 (5350 turns).

tehkenny the Cudgeller (Yellow Draconian Berserker) Turns: 5350, Time: 00:47:54

Health: -3/60      AC:  6    Str: 25    XL:     7   Next: 56%
Magic:  7/7        EV: 13    Int: 16    God:    Trog [**....]
Gold:   236        SH:  0    Dex: 10    Spells: 6/6 levels left

rFire   . . .        m - +0 morningstar
rCold   . . .        (no shield)
rNeg    . . .        (body armour unavailable)
rPois   .            (helmet restricted)
rElec   .            (no cloak)
rCorr   +            (no gloves)
SInv    .            (no boots)
Will    .....        (no amulet)
Stlth   ++           e - +6 ring of strength
HPRegen 0.30/turn    i - +6 ring of intelligence
MPRegen 0.10/turn

%: no passive effects
@: no status effects
A: spit acid, AC +6, unfitting armour, cold-blooded, acid resistance
a: Breathe Acid, Renounce Religion, Berserk, Trog's Hand


You were on level 5 of the Dungeon.
You worshipped Trog.
Trog was pleased with you.
You visited 2 branches of the dungeon, and saw 7 of its levels.

You collected 236 gold pieces.

Inventory:

Hand Weapons
 a - a +0 mace
 d - a +0 dagger
 f - a +0 whip
 h - a +0 spear
 m - a +0 morningstar (weapon)
Missiles
 b - 35 stones (quivered)
 k - 3 curare-tipped darts
Jewellery
 e - a +6 ring of strength (left hand)
 i - a +6 ring of intelligence (right hand)
Scrolls
 g - a scroll of teleportation
 j - 2 scrolls of enchant armour
 l - a scroll of vulnerability
 n - a scroll of brand weapon {unknown}
 o - 2 scrolls of enchant weapon
 p - a scroll of identify


   Skills:
 + Level 4.9 Fighting
 + Level 6.4 Maces & Flails
 + Level 5.2 Dodging
 + Level 1.6 Stealth


You had 6 spell levels left.
You didn't know any spells.
Your spell library contained the following spells:

 Spells                   Type           Power      Damage    Failure   Level
 Kiss of Death            Conj/Necr      0%         2d5       26%         1
 Monstrous Menagerie      Summ           0%         N/A       100%        7


Dungeon Overview and Level Annotations

Branches:
Dungeon (6/15)             Temple (1/1) D:4

Altars:
Cheibriados
Elyvilon
Hepliaklqana
Kikubaaqudgha
Makhleb
Nemelex Xobeh
Okawaru
Qazlal
Ru
Sif Muna
Vehumet
Wu Jian
Xom
Zin
Lugonu


Innate Abilities, Weirdness & Mutations

You can spit globs of acid.
Your golden yellow scales are hard. (AC +6)
You cannot fit into any form of body armour.
You are cold-blooded and may be slowed by cold attacks.
You are resistant to acid. (rCorr)


Message History

The gnoll picks up the pace!
The gnoll bouda attacks as you move away!
The gnoll bouda hits you with a +0 whip!
* * * LOW HITPOINT WARNING * * *
The gnoll bouda gazes fiercely through you!
You feel as though you will be weak longer.
The gnoll bouda utters an invocation to its god.
The gnoll bouda is healed somewhat.
The gnoll bouda gazes fiercely through you!
You feel as though you will be weak longer.
The gnoll is no longer moving quickly.
The gnoll bouda barks out a call to the hunt!
The gnoll picks up the pace!
The gnoll attacks as you move away! The gnoll hits you but does no damage.
The gnoll hits you with a +0 club.
* * * LOW HITPOINT WARNING * * *
The gnoll attacks as you move away! The gnoll hits you with a +0 club.
* * * LOW HITPOINT WARNING * * *
The gnoll hits you but does no damage.
Your attacks no longer feel as feeble.
The gnoll attacks as you move away! The gnoll misses you.
The gnoll is no longer moving quickly.
The gnoll bouda barks out a call to the hunt!
The gnoll picks up the pace!
The gnoll bouda gazes fiercely through you!
You feel your attacks grow feeble. The gnoll closely misses you.
The gnoll hits you with a +0 club.
* * * LOW HITPOINT WARNING * * *
The gnoll attacks as you move away! The gnoll hits you but does no damage.
The gnoll bouda gazes fiercely through you!
You feel as though you will be weak longer.
The gnoll attacks as you move away! The gnoll misses you.
Your attacks no longer feel as feeble.
The gnoll bouda hits you with a +0 whip.
* * * LOW HITPOINT WARNING * * *
The gnoll hits you with a +0 club.
* * * LOW HITPOINT WARNING * * *
The gnoll hits you with a +0 club.
You die...

#...# #.# ######
#...############.# #...##
####...........<.###...##
#...............'...'.
#####........########...##
###............#.##≈#
#####.
#.....#........#~~.### #.
..###.....g....#...~~# #.
# ##....g@...'~#..## #.
#.........'.~~..# #.
#.#.####..#.⌠..## #. #.#.#
#..#..#.# #. #.#.#
#####..## ####. ....# ####
#.... .#.## #.... ....
#.... ## #....


You could see a gnoll bouda and a gnoll (swift).

Vanquished Creatures
  The ghost of middlethird the Grave Robber, an amateur FoNe (D:5)
  An ogre (D:4)
  A phantom (D:4)
  A scorpion (D:4)
  A howler monkey (D:5)
  A crimson imp (D:4)
  A jelly (D:4)
  An iguana (D:4)
  3 orc wizards
  3 gnolls (D:5)
  6 adders
  2 white imps
  An ufetubus (D:4)
  2 dart slugs
  13 orcs
  5 ball pythons
  2 endoplasms
  6 giant cockroaches
  4 hobgoblins
  4 quokkas
  3 bats
  2 frilled lizards
  11 goblins
  3 kobolds
  4 rats
82 creatures vanquished.

Notes
Turn   | Place    | Note
-------+----------+-------------------------------------------
     0 | D:1      | tehkenny the Draconian Berserker began the quest for the
                  | Orb.
     0 | D:1      | Reached XP level 1. HP: 19/19 MP: 1/1
   183 | D:1      | Reached XP level 2. HP: 26/26 MP: 2/2
   626 | D:1      | Found a faded altar of an unknown god.
   993 | D:2      | Reached XP level 3. HP: 33/33 MP: 3/3
  1151 | D:2      | Reached ** piety under Trog
  1853 | D:3      | Identified the +5 mace of Watchfulness {drain, rF+ rC+}
  2045 | D:3      | Reached XP level 4. HP: 37/40 MP: 4/4
  2106 | D:3      | Reached skill level 4 in Maces & Flails
  2108 | D:3      | Found a burning altar of Makhleb.
  2414 | D:3      | You fall into a shaft and drop 3 floors!
  2440 | D:5      | Entered Level 5 of the Dungeon
  2650 | D:4      | Noticed a phantom
  2655 | D:4      | Reached XP level 5. HP: 29/46 MP: 5/5
  2659 | D:4      | Killed a phantom
  2716 | D:4      | Found a staircase to the Ecumenical Temple.
  2722 | D:4      | Reached XP level 6. HP: 37/52 MP: 6/6
  2786 | D:4      | Got the Excursus on Helpful Gloom
  3063 | D:4      | Reached skill level 5 in Maces & Flails
  3264 | D:4      | Found a white marble altar of Elyvilon.
  3273 | D:4      | Reached skill level 1 in Stealth
  3484 | Temple   | Entered the Ecumenical Temple
  4206 | D:5      | Found a large runed translucent door.
  4206 | D:5      | Found a large runed translucent door.
  4217 | D:5      | Noticed middlethird's ghost (amateur FoNe)
  4237 | D:5      | Killed middlethird's ghost
  4238 | D:5      | Reached skill level 6 in Maces & Flails
  4238 | D:5      | Reached skill level 5 in Dodging
  4238 | D:5      | Your scales start taking on a golden yellow colour.
  4238 | D:5      | Reached XP level 7. HP: 60/60 MP: 7/7
  4238 | D:5      | Gained mutation: You are resistant to acid. (rCorr) [Yellow
                  | Draconian growth]
  4572 | D:5      | Found a shimmering altar of Xom.
  4575 | D:5      | Found a shimmering blue altar of Sif Muna.
  4580 | D:5      | Found a sacrificial altar of Ru.
  4704 | D:5      | Found an ancient bone altar of Kikubaaqudgha.
  5349 | D:5      | HP: 2/60 [gnoll/+0 club[a gnoll bouda] (4)]
  5350 | D:5      | Slain by a gnoll

Illustrated notes

Levels and vault maps discovered:
D:1:      dpeg_arrival_simpleton_a, layout_loops_ring,
          ebering_ecumenical_altar_hall, nicolae_figureground_sparkle
D:2:      layout_rooms
D:3:      layout_loops_corners, lemuel_coloured_pillars_altar
D:4:      layout_cave_pools, elyvilon_altar_5, minmay_temple_entry_tees,
          minivault_1, minmay_fire_ice_demons
D:5:      cheibrodos_quashed, layout_basic, grunt_temple_overflow_diamond,
          kiku_gazebo_garden_becter, ebering_ghost_disaster_area
D:6:      layout_gridville, marbit_many_paths, ebering_ghost_sewer_d,
          uniq_eustachio
Temple:   corrupted_temple

Skill      XL: |  1  2  3  4  5  6 |
---------------+-------------------+-----
Dodging        | 3 4 5 |  5.2
Maces & Flails | 4 6 |  6.4
Fighting       | 4 |  4.9
Stealth        | 1 |  1.6

Action                     |  1- 3 |  4- 6 |  7- 9 || total
---------------------------+-------+-------+-------++-------
  Melee: Mace              |    76 |    97 |       ||   173
         Tailslap          |     6 |    14 |     5 ||    25
         Punch             |     1 |       |     1 ||     2
         Morningstar       |       |    43 |    41 ||    84
  Throw: Stone             |     3 |     1 |       ||     4
    Use: Scroll            |     6 |     6 |       ||    12
         Potion            |     2 |     6 |     1 ||     9
 Armour: Skin              |    25 |    59 |    11 ||    95
  Dodge: Dodged            |    61 |   152 |    43 ||   256
